 Dungeon Crawl Stone Soup version 0.29.1-15-g9cfb28693d (webtiles) character file.

Game seed: 16773936633969175291

78 Barneous the Chopper (level 4, 0/31 HPs)
             Began as a Human Wanderer on Mar 20, 2023.
             Slain by an orc
             ... wielding a +0 war axe
              (1 damage)
             ... on level 2 of the Dungeon.
             The game lasted 00:02:57 (1471 turns).

Barneous the Chopper (Human Wanderer)               Turns: 1471, Time: 00:02:57

Health: 0/31       AC:  6    Str: 10 (12) XL:     4   Next: 61%
Magic:  6/6        EV: 12    Int: 16      God:
Gold:   19         SH:  0    Dex: 10 (11) Spells: 5/6 levels left

rFire   . . .      SeeInvis .   a - +2 hand axe
rCold   . . .      Faith    .   (no shield)
rNeg    . . .      Spirit   .   d - +0 robe
rPois   .          Reflect  .   b - +0 helmet
rElec   .          Harm     .   (no cloak)
rCorr   .          Rampage  .   e - +2 pair of gloves
Will    .....                   (no boots)
Stlth   +.........              (no amulet)
HPRegen 0.10/turn               (no ring)
MPRegen 0.10/turn               (no ring)

@: brilliant
A: no striking features
a: no special abilities


You were on level 2 of the Dungeon.
You visited 1 branch of the dungeon, and saw 2 of its levels.

You collected 19 gold pieces.

Inventory:

Hand Weapons
 a - a +2 hand axe (weapon)
Armour
 b - a +0 helmet (worn)
 d - a +0 robe (worn)
 e - a +2 pair of gloves (worn)
Scrolls
 f - a scroll of teleportation


   Skills:
 + Level 0.4 Fighting
 + Level 5.8 Axes
 + Level 2.3 Dodging
 + Level 0.4 Stealth
 + Level 1.9 Spellcasting
 + Level 1.3 Necromancy
 + Level 1.0 Evocations


You had 5 spell levels left.
You knew the following spells:

 Your Spells              Type           Power      Damage    Failure   Level
a - Necrotise             Necr           32%        1d5       12%         1

Your spell library contained the following spells:

 Spells                   Type           Power      Damage    Failure   Level
 Vampiric Draining        Necr           8%         2d6       36%         3


Dungeon Overview and Level Annotations

Branches:
Dungeon (1/15)

Altars:


Message History

Something hits you but does no damage.
The orc priest calls down the wrath of Beogh upon you.
Something writhes in agony.
An orc comes into view. It is wielding a +0 short sword.
Your magical contamination has completely faded away.
You hit something. Something hits you.
You closely miss something. Something hits you but does no damage.
An orc comes into view. It is wielding a +0 mace.
You closely miss something. Something hits you but does no damage.
The orc priest looks encouraged for a moment.
You barely miss something. Something hits you.
You miss something. Something completely misses you.
You hit something. Something hits you.
The orc priest begins to cast a cantrip, but forgets the words!
You miss something. Something hits you but does no damage.
The orc priest invokes the aid of Beogh against you.
Beogh smites you!
You hit something.
You hear some strange, mumbled words.
You are confused.
You closely miss something. Something hits you but does no damage.
A magic dart appears from out of thin air!
The magic dart hits you!
* * * LOW HITPOINT WARNING * * *
You feel clever all of a sudden.
A magic dart appears from out of thin air!
The magic dart hits you.
* * * LOW HITPOINT WARNING * * *
You are too injured to fight recklessly!
You are too injured to fight recklessly!
An orc is nearby!
You are too confused!
You bump into the rock wall.
You feel less confused. Something hits you.
* * * LOW HITPOINT WARNING * * *
You hit something. You hit the orc. Something hits you.
* * * LOW HITPOINT WARNING * * *
The orc hits you with a +0 war axe.
You die...

###.###########...###...### ###
#....# ##.##.##.##.## ##.# #.##.#
###...###...###... #.##.###
###.....#....†#.... ###.##...####
#.'.....'.....'....
....####....###.#.....#.....#....
#########'#.#..###...###...###...
.........>..##.##.## ##.## ##.#
###........##{@.### ### ###
...........o†o...+
..........o##...#+
............##.##
.........)..#### ............#
...........# ..........#
.###.....#


You could see an orc priest and 2 orcs.

Vanquished Creatures
  Jessica (D:2)
  A gnoll (D:1)
  2 adders (D:2)
  A worm (D:2)
  A goblin (D:2)
  2 hobgoblins
  4 jackals (D:1)
  A kobold (D:1)
  3 quokkas
  2 ball pythons
  A frilled lizard (D:1)
  4 rats
23 creatures vanquished.

Vanquished Creatures (others)
  3 plants (D:1)
3 creatures vanquished.

Grand Total: 26 creatures vanquished

Notes
Turn   | Place    | Note
-------+----------+-------------------------------------------
     0 | D:1      | Barneous the Human Wanderer began the quest for the Orb.
     0 | D:1      | Barneous set off with the following items: a +2 hand axe, a
                  | +0 helmet, a potion of brilliance, a +0 robe; and the
                  | following spell memorised: Necrotise; and the following
                  | spells available to memorise: Vampiric Draining.
     0 | D:1      | Reached XP level 1. HP: 13/13 MP: 2/2
   370 | D:1      | Reached XP level 2. HP: 14/19 MP: 0/3
   633 | D:1      | Reached XP level 3. HP: 14/24 MP: 2/5
   886 | D:1      | You fall into a shaft and drop 1 floor!
  1113 | D:2      | Noticed Jessica
  1128 | D:2      | Killed Jessica
  1129 | D:2      | Reached XP level 4. HP: 17/30 MP: 4/6
  1471 | D:2      | HP: 1/31 [something (1)]
  1471 | D:2      | Slain by an orc

Illustrated notes

Levels and vault maps discovered:
D:1:      dpeg_arrival_simpleton_a, layout_loops_corners, serial_bayou_lagoon_a,
          st_stairs_7
D:2:      cheibrodos_pilgrimage, layout_basic, nicolae_hexahallways,
          uniq_jessica, uniq_crazy_yiuf_cottage, uniq_sigmund

Action                   |  1- 3 |  4- 6 || total
-------------------------+-------+-------++-------
Melee: Hand axe          |    48 |    21 ||    69
       Punch             |     1 |       ||     1
 Cast: Necrotise         |     9 |     1 ||    10
  Use: Scroll            |     2 |     2 ||     4
       Potion            |     2 |     1 ||     3
Armor: Robe              |    11 |     8 ||    19
Dodge: Dodged            |    25 |     5 ||    30
